 Dungeon Crawl Stone Soup version 0.23.2-33-g5129a83184 (webtiles) character file.

Game seed: 4931241632862900245

56 DildoBatman the Conjurer (level 4, 0/30 HPs)
             Began as a Formicid Wizard on July 9, 2019.
             Slain by an adder (3 damage)
             ... on level 2 of the Dungeon.
             The game lasted 00:03:15 (1400 turns).

DildoBatman the Conjurer (Formicid Wizard)          Turns: 1400, Time: 00:03:15

Health: 0/30       AC:  2    Str: 12    XL:     4   Next: 17%
Magic:  2/8        EV: 12    Int: 18    God:
Gold:   73         SH:  0    Dex:  9    Spells: 3/9 levels left

rFire    . . .     SeeInvis +   a - +0 club
rCold    . . .     Gourm    .   (no shield)
rNeg     . . .     Faith    .   g - +0 robe
rPois    +         Spirit   .   (helmet unavailable)
rElec    .         Reflect  .   (no cloak)
rCorr    .         Harm     .   (no gloves)
MR       .....                  (no boots)
Stlth    ++........             (no amulet)
HPRegen  0.10/turn              k - ring of poison resistance
MPRegen  0.11/turn              (no ring)

@: lethally poisoned (0 -> -3)
A: permanent stasis, dig shafts and tunnels, four strong arms, antennae 3
a: Dig, Shaft Self


You were on level 2 of the Dungeon.
You were hungry.

You visited 1 branch of the dungeon, and saw 2 of its levels.

You collected 73 gold pieces.

Inventory:

Hand Weapons
 a - a +0 club (weapon)
 b - a +0 dagger
Missiles
 d - 11 poisoned needles
 e - 15 arrows
 f - 16 sling bullets
 i - 30 stones (quivered)
Armour
 g - a +0 robe (worn)
Jewellery
 k - a ring of poison resistance (left hand)
Scrolls
 c - 3 scrolls of remove curse {unknown}
 h - a scroll of identify {unknown}
 j - a scroll of noise {unknown}
Comestibles
 v - 3 rations


   Skills:
 - Level 1.7 Dodging
 - Level 2.4 Stealth
 - Level 3.2 Spellcasting
 * Level 3.3 Conjurations
 - Level 1.0 Summonings
   Level 0.8 Translocations


You had 3 spell levels left.
You knew the following spells:

 Your Spells              Type           Power        Failure   Level  Hunger
a - Conjure Flame         Conj/Fire      #.......     24%         3    ###....
c - Magic Dart            Conj           ###.         4%          1    None
e - Call Imp              Summ           #.......     16%         2    ##.....

Your spell library contained the following spells:

 Spells                   Type           Power        Failure   Level  Hunger
 Slow                     Hex            #.......     24%         2    ##.....
 Mephitic Cloud           Conj/Pois/Air  #.......     30%         3    ###....
 Blink                    Tloc           Unusable     N/A         2    N/A

Dungeon Overview and Level Annotations

Branches:
Dungeon (2/15)

Altars:

Annotations:
D:1 exclusion: orb of fire


Innate Abilities, Weirdness & Mutations

You cannot be hasted, slowed, berserked, paralysed or teleported.
You can dig through walls and to a lower floor.
Your four strong arms can wield two-handed weapons with a shield.
You have a pair of large antennae on your head. (SInv)


Message History

Anything else - Cancel.
You shout for attention!
The hobgoblin shouts!
A leopard gecko comes into view.
The adder bites you.
You are lethally poisoned!
The adder poisons you! The goblin barely misses you.
The rat closely misses you. The rat bites you but does no damage.
What are your orders? t - Shout!
Orders for allies: a - Attack new target. r - Retreat! s - Stop attacking. g - Guard the area. f - Follow me.
Anything else - Cancel.
You shout for attention!
You feel sick. The adder bites you.
You die...

#.......... #......
####..........
#...lg.>..............
#.....###########.####
###.....## #.#
.........##########.#
.................##.#
.......rS...........#
.......@g......<.####
.......r.........#
..........)......#
.....(..†........#
######.##........#
....)........#
..........(....#
...............#
...............#


You could see an adder, a leopard gecko, a hobgoblin, a goblin and 2 rats.

Vanquished Creatures
  An adder (D:2)
  An ooze (D:1)
  2 dart slugs (D:1)
  3 ball pythons (D:1)
  2 giant cockroaches (D:1)
  5 goblins (D:1)
  4 hobgoblins
  3 jackals (D:1)
  6 kobolds
  3 bats (D:1)
  2 frilled lizards
  3 rats (D:1)
35 creatures vanquished.

Notes
Turn   | Place    | Note
-------+----------+-------------------------------------------
     0 | D:1      | DildoBatman the Formicid Wizard began the quest for the
                  | Orb.
     0 | D:1      | Reached XP level 1. HP: 13/13 MP: 4/4
     0 | D:1      | Noticed a golden dragon
     2 | D:1      | Noticed an iron dragon
     4 | D:1      | Noticed a shadow dragon
     5 | D:1      | Noticed an ice dragon
     6 | D:1      | Noticed a red draconian
     8 | D:1      | Noticed a large abomination
    10 | D:1      | Noticed an orb of fire
    10 | D:1      | Noticed an ice dragon
    12 | D:1      | Noticed an orb of fire
    14 | D:1      | Noticed an orb of fire
    14 | D:1      | Noticed an iron dragon
    16 | D:1      | Noticed a tentacled monstrosity
    16 | D:1      | Noticed an iron dragon
    18 | D:1      | Noticed an orb of fire
    20 | D:1      | Noticed an orb of fire
    42 | D:1      | Reached skill level 1 in Conjurations
   174 | D:1      | Reached XP level 2. HP: 7/19 MP: 0/6
   446 | D:1      | Reached XP level 3. HP: 21/24 MP: 0/7
   451 | D:1      | Learned a level 3 spell: Conjure Flame
   454 | D:1      | Learned a level 2 spell: Call Imp
  1377 | D:2      | Reached XP level 4. HP: 6/30 MP: 0/8
  1400 | D:2      | Slain by an adder

Skill      XL: |  1  2  3 |
---------------+----------+-----
Conjurations   | 1 2 3 |  3.3
Dodging        | |  1.7
Stealth        | |  2.4
Spellcasting   | |  3.2
Summonings     | |  1.0
Translocations | |  0.8

Action                   |  1- 3 |  4- 6 || total
-------------------------+-------+-------++-------
Melee: Dagger            |     3 |       ||     3
       Club              |    38 |       ||    38
 Cast: Magic Dart        |    76 |     1 ||    77
  Eat: Chunk             |     1 |       ||     1
Armor: Robe              |     8 |     2 ||    10
Dodge: Dodged            |    31 |    17 ||    48
